 Dungeon Crawl Stone Soup version 0.28-a0-1389-gc726bef33b (webtiles) character file.

Game seed: 4705500648101425493

46 rogsnak the Gusty (level 3, 0/24 HPs)
             Began as a Demonspawn Air Elementalist on Jan 3, 2022.
             Slain by an adder (1 damage)
             ... on level 2 of the Dungeon on Jan 4, 2022.
             The game lasted 00:03:29 (2062 turns).

rogsnak the Gusty (Demonspawn Air Elementalist)     Turns: 2062, Time: 00:03:30

Health: 0/24       AC:  2    Str:  8    XL:     3   Next: 46%
Magic:  1/7        EV: 12    Int: 18    God:
Gold:   81         SH:  0    Dex: 13    Spells: 6/7 levels left

rFire   . . .      SeeInvis .   d - +0 short sword
rCold   . . .      Faith    .   (no shield)
rNeg    . . .      Spirit   .   a - +0 robe
rPois   .          Reflect  .   (no helmet)
rElec   .          Harm     .   (no cloak)
rCorr   .          Rampage  .   (no gloves)
Will    .....                   (no boots)
Stlth   ++........              (no amulet)
HPRegen 0.08/turn               (no ring)
MPRegen 0.10/turn               (no ring)

@: lethally poisoned (0 -> -3)
A: claws 1
a: no special abilities


You were on level 2 of the Dungeon.
You visited 1 branch of the dungeon, and saw 2 of its levels.

You collected 81 gold pieces.

Inventory:

Hand Weapons
 c - a +0 club
 d - a +0 short sword (weapon)
Armour
 a - a +0 robe (worn)
Potions
 b - a potion of brilliance {unknown}
 e - a potion of curing {unknown}


   Skills:
 + Level 2.0 Dodging
 - Level 1.7 Stealth
 + Level 2.9 Spellcasting
 * Level 1.5 Conjurations
 + Level 3.1 Air Magic


You had 6 spell levels left.
You knew the following spells:

 Your Spells              Type           Power      Damage    Failure   Level
a - Shock                 Conj/Air       40%        1d5       6%          1

Your spell library contained the following spells:

 Spells                   Type           Power      Damage    Failure   Level
 Static Discharge         Conj/Air       10%        N/A       10%         2
 Swiftness                Air            13%        N/A       14%         3
 Airstrike                Air            6%         N/A       41%         4
 Call Canine Familiar     Summ           2%         N/A       45%         3
 Portal Projectile        Hex/Tloc       4%         N/A       45%         3
 Leda's Liquefaction      Hex/Erth       1%         N/A       86%         4


Dungeon Overview and Level Annotations

Branches:
Dungeon (2/15)

Altars:


Innate Abilities, Weirdness & Mutations

You have sharp fingernails.


Message History

The adder is severely wounded.
You feel sick. The adder barely misses you.
You barely miss the adder.
The adder is severely wounded.
You feel sick.
You are no longer poisoned.
The adder barely misses you. The adder bites you but does no damage.
You barely miss the adder.
The adder is severely wounded.
The adder bites you.
You are poisoned.
The adder poisons you!
You completely miss the adder.
The adder is severely wounded.
You feel sick. The adder misses you.
You barely miss the adder.
The adder is severely wounded.
You feel sick. The adder bites you.
* * * LOW HITPOINT WARNING * * *
You are lethally poisoned!
The adder poisons you! The adder closely misses you.
You barely miss the adder.
The adder is severely wounded.
* * * LOW HITPOINT WARNING * * *
You feel sick. The adder barely misses you.
Casting: Shock (safe; 6% risk of failure)
Confirm with . or Enter, or press ? or * to list all spells.
Aiming: Shock (safe; 6% risk of failure)
Press: ? - help, Shift-Dir - straight line, f/p - adder
Aim: an adder (severely wounded, 48% to hit)
The zap hits the adder.
The adder is severely wounded.
* * * LOW HITPOINT WARNING * * *
You feel sick. The adder closely misses you.
Unknown command.
You closely miss the adder.
The adder is severely wounded.
* * * LOW HITPOINT WARNING * * *
You feel sick. The adder bites you.
You die...

.....##......#.........
.....#.......# #......
.............####♣§.♣
..†..........#.♣♣♣.§♣
........#..#PP.♣♣.P♣ ♣
.#.....###.....♣.P.♣♣PP.
.#.....###...♣♣....P§.§#
.#.....##...♣♣♣♣S.♣§§§..
.#........♣.♣♣.P@♣P§.#...
.#.......##...P..♣.......
.#........#♣.♣..♣..♣...#.
.#.......PP♣P..♣♣......♣
#[......♣♣..PP ... .♣.
..[......♣♣♣.P.♣ .P♣♣ P
.........# ♣P♣♣♣ P.♣
.......... ..♣ ♣.♣


You could see an adder.

Vanquished Creatures
  A dart slug (D:1)
  4 bats
  3 endoplasms
  A giant cockroach (D:2)
  4 goblins
  9 hobgoblins
  2 kobolds (D:1)
  3 quokkas
  4 ball pythons (D:1)
  2 frilled lizards (D:1)
  5 rats
38 creatures vanquished.

Vanquished Creatures (others)
  5 plants (D:2)
5 creatures vanquished.

Grand Total: 43 creatures vanquished

Notes
Turn   | Place    | Note
-------+----------+-------------------------------------------
     0 | D:1      | rogsnak the Demonspawn Air Elementalist began the quest for
                  | the Orb.
     0 | D:1      | Reached XP level 1. HP: 13/13 MP: 3/3
   353 | D:1      | Gained mutation: You have sharp fingernails. [demonic
                  | ancestry]
   353 | D:1      | Reached XP level 2. HP: 19/19 MP: 0/5
   667 | D:1      | Reached skill level 3 in Air Magic
  1011 | D:1      | Reached XP level 3. HP: 24/24 MP: 4/7
  2062 | D:2      | HP: 1/24 [poisoned by an adder]
  2062 | D:2      | Slain by an adder

Illustrated notes

Levels and vault maps discovered:
D:1:      scummos_arrival_star, layout_basic, st_stairs_8, lemuel_another_geyser
D:2:      wad_woods_stonehenge, layout_basic,
          hellmonk_ecumenical_altar_leap_of_faith, lemuel_flame_loot_1,
          uniq_crazy_yiuf_cottage

Skill      XL: |  1  2 |
---------------+-------+-----
Dodging        | 2 |  2.0
Air Magic      | 3 |  3.1
Stealth        | |  1.7
Spellcasting   | |  2.9
Conjurations   | |  1.5

Action                   || total
-------------------------++-------
Melee: Unarmed           ||     1
       Club              ||    17
       Short sword       ||    24
 Cast: Shock             ||    90
 Stab: Sleeping          ||     1
Armor: Robe              ||    14
Dodge: Dodged            ||    39

Table legend: (Time is in decaauts)
 A = Elapsed time spent in this place.
 B = Non-inter-level travel time spent in this place.
 C = Inter-level travel time spent in this place.
 D = Time resting spent in this place.
 E = Time spent auto-exploring this place.
 F = Levels seen in this place.
 G = Mean time per level.
                   A        B        C        D        E       F      G
               +--------+--------+--------+--------+--------+-----+--------+
         Total |   2068 |   2049 |     19 |    245 |   1536 |   2 | 1034.0 |
       Dungeon |   2068 |   2049 |     19 |    245 |   1536 |   2 | 1034.0 |
               +--------+--------+--------+--------+--------+-----+--------+

Top non-repeatable levels by time:
     D:1: 1747 daAuts
     D:2: 320 daAuts
